[Event "ICC tourney 2673 (25 5)"]
[Site "Internet Chess Club"]
[Date "2021.09.18"]
[Round "2"]
[White "MOGHE, ARJUN CHAITANYA:Galactico7"]
[Black "XUE, JACK:K03-17241051"]
[Result "0-1"]
[ICCResult "White checkmated"]
[WhiteElo "785"]
[BlackElo "1148"]
[Opening "French: advance, Milner-Barry gambit"]
[ECO "C02"]
[NIC "FR.03"]
[Time "12:31:09"]
[TimeControl "1500+5"]

1. e4 e6 2. d4 d5 3. e5 c5 4. c3 Nc6 5. Nf3 Qb6 6. Bd3 Bd7 7. Be2 cxd4 8.
cxd4 Bb4+ 9. Nc3 Nge7 10. O-O Nf5 11. a3 Be7 12. Bf4 O-O 13. Re1 Nfxd4 14.
Nxd4 Nxd4 15. Be3 Nxe2+ 16. Qxe2 d4 17. Red1 dxe3 18. Rxd7 exf2+ 19. Qxf2
Bc5 20. Qxc5 Qxc5+ 21. Kh1 Qxe5 22. Rxb7 Rab8 23. Rd7 Rxb2 24. Rd3 h6 25.
Rad1 Rc2 26. Nb1 Qe2 27. Rg1 Qxd3 28. h3 Rb8 29. a4 Rbb2 30. Nd2 Rxd2 31. a5
Qxh3+ 32. gxh3 Rh2# {White checkmated} 0-1

[Event "ICC tourney 2673 (25 5)"]
[Site "Internet Chess Club"]
[Date "2021.09.18"]
[Round "2"]
[White "QI, KEVIN:charmeleon16"]
[Black "Goteti, Ishan:Aurex"]
[Result "0-1"]
[ICCResult "White checkmated"]
[WhiteElo "441"]
[BlackElo "834"]
[Opening "Ruy Lopez: Berlin defense, 4.O-O, d6"]
[ECO "C66"]
[NIC "RL.02"]
[Time "12:31:17"]
[TimeControl "1500+5"]

1. e4 e5 2. Nf3 Nc6 3. Bb5 d6 4. O-O Nf6 5. Nc3 Be7 6. d3 O-O 7. Be3 Bg4 8.
h3 Bh5 9. a4 Nd4 10. Bxd4 exd4 11. Ne2 Bxf3 12. gxf3 c5 13. Nf4 d5 14. exd5
Nxd5 15. Ng2 Bg5 16. c4 dxc3 17. bxc3 Nxc3 18. Qc2 Nxb5 19. axb5 b6 20. Rae1
Qd5 21. Re2 Qxf3 22. Rfe1 Qxh3 23. Qc4 Qd7 24. Re4 Rae8 25. Rg4 Qxg4 26.
Qxg4 Rxe1+ 27. Nxe1 Bf6 28. Nc2 Bd4 29. Ne1 Re8 30. Nf3 Bf6 31. Kg2 h6 32.
Qd7 Ra8 33. Qb7 Rd8 34. Qc7 Rxd3 35. Ne1 Rd4 36. Kf3 Bg5 37. Qc8+ Kh7 38.
Qf5+ Kg8 39. Qc8+ Kh7 40. Qf5+ Kh8 41. Qxf7 Rf4+ 42. Qxf4 Bxf4 43. Kxf4 g5+
44. Kg4 Kg7 45. f4 gxf4 46. Kxf4 Kg6 47. Kg4 h5+ 48. Kh4 Kh6 49. Nf3 c4 50.
Ne5 c3 51. Nd3 c2 52. Nc1 Kg6 53. Kh3 Kg5 54. Kg3 h4+ 55. Kh3 Kf4 56. Nd3+
Ke3 57. Nc1 Kd2 58. Nb3+ Kc3 59. Nc1 Kb4 60. Kxh4 Kxb5 61. Kg3 Kc4 62. Kf2
Kc3 63. Ke3 Kb2 64. Nd3+ Kb1 65. Kd2 a5 66. Nc1 b5 67. Nd3 a4 68. Kc3 c1=Q+
69. Nxc1 Kxc1 70. Kb4 Kb2 71. Kxb5 a3 72. Kb4 a2 73. Ka4 a1=Q+ 74. Kb4 Qa3+
75. Kb5 Qc3 76. Ka6 Qb4 77. Ka7 Qb5 78. Ka8 Kc3 79. Ka7 Kc4 80. Ka8 Kc5 81.
Ka7 Kc6 82. Ka8 Qb7# {White checkmated} 0-1

[Event "ICC tourney 2673 (25 5)"]
[Site "Internet Chess Club"]
[Date "2021.09.18"]
[Round "2"]
[White "Maddipati, Srihas:srihassm"]
[Black "YAN, CLAIRE:Cychess88"]
[Result "1-0"]
[ICCResult "Black resigns"]
[WhiteElo "1019"]
[BlackElo "450"]
[Opening "Sicilian: Alapin's variation (2.c3)"]
[ECO "B22"]
[NIC "SI.46"]
[Time "12:31:03"]
[TimeControl "1500+5"]

1. e4 c5 2. c3 d6 3. d4 cxd4 4. cxd4 e6 5. Nf3 Nf6 6. Bg5 Be7 7. Nc3 O-O 8.
Bc4 a6 9. O-O b6 10. a4 Bb7 11. Re1 Nbd7 12. Qd3 d5 13. exd5 exd5 14. Bxf6
Nxf6 15. Bb3 a5 16. Bc2 Ba6 17. Qf5 Bc8 18. Qg5 h6 19. Qg3 Bd6 20. Ne5 Nh5
21. Qd3 Nf6 22. Nxd5 g6 23. Nxf6+ Qxf6 24. Qd2 Qh4 25. g3 Qh3 26. Be4 Ba6
27. Bxa8 Rxa8 28. Qc2 Bb7 29. f4 Bxe5 30. dxe5 Rc8 31. Qf2 Rc6 32. Rec1
Rxc1+ 33. Rxc1 Kg7 34. Rc2 Qg4 35. Rd2 Qe6 36. Rd6 Qa2 37. Rxb6 Qb1+ 38. Qf1
Qxf1+ 39. Kxf1 Be4 40. Rb5 Bd3+ 41. Kf2 Bc2 42. Rxa5 Be4 43. b4 Kf8 44. b5
Ke8 45. b6 Kd8 46. Rb5 Kc8 47. Ke3 Bc6 48. Rc5 Kb7 49. Rxc6 Kxc6 50. a5 Kb7
51. Kd4 g5 52. Kd5 gxf4 53. gxf4 h5 54. h4 Kb8 55. Kc6 Ka8 56. Kc7
{Black resigns}
1-0

[Event "ICC tourney 2673 (25 5)"]
[Site "Internet Chess Club"]
[Date "2021.09.18"]
[Round "2"]
[White "Merriman, Dann Hu:theLittlePetey"]
[Black "VENUTURUMILLI, DHRUV :CaringTrouble"]
[Result "1-0"]
[ICCResult "Black checkmated"]
[WhiteElo "1256"]
[BlackElo "708"]
[Opening "Four knights: Italian variation"]
[ECO "C47"]
[NIC "RG.01"]
[Time "12:31:04"]
[TimeControl "1500+5"]

1. e4 e5 2. Nf3 Nf6 3. Nc3 Nc6 4. Bc4 Bb4 5. O-O O-O 6. d3 h6 7. Be3 d6 8.
Qd2 Bxc3 9. Qxc3 Re8 10. b4 d5 11. exd5 Nxd5 12. Qb3 Be6 13. b5 Nxe3 14.
Bxe6 Nxf1 15. Bxf7+ Kf8 16. Bxe8 Qxe8 17. bxc6 Qxc6 18. Rxf1 Re8 19. Re1 Re6
20. Nd4 exd4 21. Qxe6 Qa4 22. Qe7+ Kg8 23. Qd8+ Kh7 24. Qxc7 Qxa2 25. h3 b5
26. Re7 Qb1+ 27. Kh2 b4 28. Rxg7+ Kh8 29. Rh7+ Kg8 30. Qf7# {Black
checkmated} 1-0

[Event "ICC tourney 2673 (25 5)"]
[Site "Internet Chess Club"]
[Date "2021.09.18"]
[Round "2"]
[White "AMBATI, JASWANT REDDY:AJRChess2011"]
[Black "ADDURI, MANSI:K03-17004388"]
[Result "1-0"]
[ICCResult "Black checkmated"]
[WhiteElo "1601"]
[BlackElo "963"]
[Opening "Scandinavian (center counter) defense"]
[ECO "B01"]
[NIC "SD.02"]
[Time "12:31:08"]
[TimeControl "1500+5"]

1. e4 d5 2. exd5 Qxd5 3. Nc3 Qd8 4. Bc4 Nf6 5. Nf3 Nc6 6. O-O Bf5 7. d4 h6
8. Bb5 e6 9. Re1 Bd6 10. d5 a6 11. dxc6 axb5 12. cxb7 Rb8 13. Nxb5 Rxb7 14.
Nxd6+ cxd6 15. Nd4 Bg6 16. Qf3 d5 17. Qa3 Re7 18. Nc6 Qc7 19. Qa8+ Kd7 20.
Ne5+ Qxe5 21. Qa4+ Kd6 22. Bf4 Ng4 23. Bxe5+ Nxe5 24. Qb4+ Kd7 25. Rxe5 f6
26. Ree1 Bxc2 27. Rac1 Rc8 28. Re2 Bd3 29. Rxc8 Bxe2 30. Qc5 e5 31. Qc6#
{Black checkmated}
1-0

[Event "ICC tourney 2673 (25 5)"]
[Site "Internet Chess Club"]
[Date "2021.09.18"]
[Round "2"]
[White "AHN, WILLIAM TK:kitook"]
[Black "VADHER, DEVAJ MAYANK:DevajVadher"]
[Result "0-1"]
[ICCResult "White resigns"]
[WhiteElo "945"]
[BlackElo "1244"]
[Opening "Caro-Kann: exchange variation"]
[ECO "B13"]
[NIC "CK.02"]
[Time "12:31:07"]
[TimeControl "1500+5"]

1. e4 c6 2. d4 d5 3. exd5 cxd5 4. Bd3 e6 5. Bf4 Nf6 6. Nf3 Be7 7. O-O O-O 8.
c3 Nc6 9. Nbd2 Bd7 10. Re1 Qb6 11. Qc2 Rac8 12. Nb3 Nb4 13. Qd1 Nxd3 14.
Qxd3 Bb5 15. Qd1 Ba4 16. Ne5 Bd6 17. Qf3 Rcd8 18. Qe3 Bxb3 19. axb3 Qxb3 20.
Rxa7 Qxb2 21. Qd3 Ne4 22. c4 Qxf2+ {White resigns} 0-1

[Event "ICC tourney 2673 (25 5)"]
[Site "Internet Chess Club"]
[Date "2021.09.18"]
[Round "2"]
[White "WUDALI, PRANAV AVYAI:Pwudali"]
[Black "TSYBOVSKY, ANTHONY:K03-30024259"]
[Result "0-1"]
[ICCResult "White checkmated"]
[WhiteElo "474"]
[BlackElo "933"]
[Opening "Four knights: Italian variation"]
[ECO "C47"]
[NIC "KP.06"]
[Time "12:31:05"]
[TimeControl "1500+5"]

1. e4 e5 2. Nf3 Nc6 3. Nc3 Nf6 4. Bc4 Nxe4 5. O-O Nxc3 6. bxc3 d5 7. Bb5 Bd7
8. Re1 Bd6 9. Bxc6 Bxc6 10. Nxe5 O-O 11. Nxc6 bxc6 12. Rb1 Qh4 13. g3 Qf6
14. d4 Rfe8 15. Rxe8+ Rxe8 16. Rb7 Ra8 17. Bb2 Qd8 18. Ba1 Qc8 19. Qb1 Qd8
20. c4 Qc8 21. c5 Be7 22. Bc3 Bf6 23. Ba5 Bd8 24. a4 a6 25. Qb2 h6 26. Bd2
Be7 27. Ba5 Bd8 28. Kg2 Kh7 29. Qb3 Kg8 30. Kg1 Kh7 31. Qd3+ Kg8 32. Qb3 Kh7
33. Qb1 Kg8 34. Rb4 Bf6 35. Rb7 Bd8 36. c4 dxc4 37. Bc3 Be7 38. Ba1 Bf6 39.
Bc3 Bd8 40. Ba5 Kh8 41. Qb2 Kg8 42. Bc3 Bf6 43. Rb4 Qg4 44. Rb8+ Rxb8 45.
Qxb8+ Kh7 46. Qxc7 Bxd4 47. Bxd4 Qxd4 48. Qxf7 c3 49. Qf5+ Kh8 50. Qf8+ Kh7
51. Qf5+ g6 52. Qf7+ Qg7 53. Qc4 Qf6 54. Qxa6 c2 55. Qb7+ Qg7 56. Qxg7+ Kxg7
57. a5 c1=Q+ 58. Kg2 Qa3 59. a6 Qxa6 60. f4 Qb5 61. h4 Qxc5 62. g4 Qd4 63.
Kg3 c5 64. f5 gxf5 65. gxf5 Kf6 66. h5 Kxf5 67. Kf3 Qe4+ 68. Kg3 Qf4+ 69.
Kh3 Qg4+ 70. Kh2 Ke4 71. Kh1 Kf3 72. Kh2 Qg2# {White checkmated} 0-1

[Event "ICC tourney 2673 (25 5)"]
[Site "Internet Chess Club"]
[Date "2021.09.18"]
[Round "2"]
[White "JEHIN, RISHIN:K01-30043660"]
[Black "SINGH, AKSHAT:akshatsingh475"]
[Result "1-0"]
[ICCResult "Black checkmated"]
[WhiteElo "1205"]
[BlackElo "923"]
[Opening "French: exchange variation"]
[ECO "C01"]
[NIC "FR.01"]
[Time "12:31:15"]
[TimeControl "1500+5"]

1. e4 e6 2. d4 d5 3. exd5 exd5 4. Nf3 Nf6 5. Bd3 Bd6 6. Qe2+ Be6 7. Ng5 O-O
8. Nxe6 fxe6 9. Qxe6+ Kh8 10. O-O Nc6 11. Nc3 Nxd4 12. Qe3 Bc5 13. Qh3 g6
14. Bxg6 Rg8 15. Bd3 Qd7 16. Qxd7 Nxd7 17. Be3 Ne5 18. Bxd4 Bxd4 19. Be2
Raf8 20. Nxd5 Bxb2 21. Rab1 Bd4 22. c3 Bc5 23. Nxc7 Rf7 24. Ne6 Bb6 25. c4
Rf6 26. c5 Rxe6 27. cxb6 axb6 28. f4 Reg6 29. fxe5 Rxg2+ 30. Kh1 Rxe2 31.
Rxb6 Rgg2 32. Rh6 Kg7 33. Rh3 Kh8 34. e6 Rg6 35. Rf8+ Kg7 36. Rf7+ Kg8 37.
Rf1 Rexe6 38. Rb3 Re7 39. Rfb1 Rgg7 40. h3 Kf8 41. Kh2 Re2+ 42. Kh1 Ree7 43.
Rb4 Re3 44. R4b3 Rxb3 45. Rxb3 Ke7 46. Rxb7+ Kf6 47. Rxg7 Kxg7 48. a4 Kf7
49. a5 Ke7 50. a6 Kd7 51. a7 Kc7 52. a8=Q Kd6 53. Qb7 Ke6 54. Qc7 Kd5 55.
Qb6 Kc4 56. Qa5 Kd3 57. Qb4 Ke2 58. Qc3 Kd1 59. Qb2 Ke1 60. Qc2 Kf1 61. Kh2
h5 62. Kg3 Ke1 63. Kf3 Kf1 64. Qf2# {Black checkmated} 1-0

[Event "ICC tourney 2673 (25 5)"]
[Site "Internet Chess Club"]
[Date "2021.09.18"]
[Round "2"]
[White "ZHANG, SARAH:K05-16865540"]
[Black "VADHER, PREASH MAYANK:preashvadher"]
[Result "1-0"]
[ICCResult "Black checkmated"]
[WhiteElo "1081"]
[BlackElo "771"]
[Opening "Petrov three knights game"]
[ECO "C42"]
[NIC "RG.01"]
[Time "12:31:07"]
[TimeControl "1500+5"]

1. e4 e5 2. Nf3 Nf6 3. Nc3 Bb4 4. d3 O-O 5. Bg5 d6 6. Be2 Be6 7. O-O Nbd7 8.
h3 h6 9. Bh4 Nc5 10. Nh2 Bxc3 11. bxc3 Na4 12. c4 Nc3 13. Qd2 Nxe2+ 14. Qxe2
a6 15. Rab1 b6 16. Nf3 Nh5 17. Bxd8 Nf4 18. Qd2 Rfxd8 19. Kh2 a5 20. a4 Rd7
21. Ng1 Rad8 22. Ne2 Ng6 23. Nc3 Nf4 24. Nd5 Bxd5 25. cxd5 Kh7 26. d4 f6 27.
c4 Kh8 28. c5 bxc5 29. dxc5 Ra8 30. c6 Rdd8 31. Rb5 Kh7 32. Rxa5 Rac8 33.
Rb1 Rf8 34. Rb7 Rf7 35. Rab5 f5 36. g3 Ng6 37. a5 fxe4 38. a6 Rff8 39. a7
Ne7 40. Rb8 Rxb8 41. Rxb8 Rxb8 42. axb8=Q Nxd5 43. Qxd5 Kg6 44. Qxe4+ Kf7
45. Qf5+ Ke7 46. Qd7+ Kf6 47. Qf8+ Kg6 48. Qdf5# {Black checkmated} 1-0

[Event "ICC tourney 2673 (25 5)"]
[Site "Internet Chess Club"]
[Date "2021.09.18"]
[Round "2"]
[White "SANGAL LOPEZ, DEV:devsl"]
[Black "AMBA, ADVAITH:advichess"]
[Result "0-1"]
[ICCResult "White checkmated"]
[WhiteElo "714"]
[BlackElo "1072"]
[Opening "Queen's gambit accepted"]
[ECO "D20"]
[NIC "QG.03"]
[Time "12:31:15"]
[TimeControl "1500+5"]

1. d4 d5 2. c4 dxc4 3. Nc3 Nf6 4. e3 e6 5. Bxc4 Bb4 6. Nf3 O-O 7. O-O b6 8.
Bd2 Bb7 9. a3 Bd6 10. b4 Ng4 11. h3 Nf6 12. Qc2 Bxf3 13. gxf3 c6 14. e4 e5
15. d5 cxd5 16. Nxd5 Nxd5 17. Bxd5 Nd7 18. Bxa8 Qxa8 19. Qd3 Qb8 20. Rac1
Re8 21. Rc6 Re6 22. Rfc1 Rg6+ 23. Kf1 Nf8 24. Rc8 Qb7 25. Qd5 Qa6+ 26. b5
Qxa3 27. R8c3 Qb2 28. R3c2 Qa3 29. Ra2 Qxf3 30. Rxa7 Qxh3+ 31. Ke2 Qg4+ 32.
Kd3 Bc5 33. Rxc5 Qf3+ 34. Be3 bxc5 35. Ra8 Qd1+ 36. Kc4 Qc2# {White
checkmated} 0-1

[Event "ICC tourney 2673 (25 5)"]
[Site "Internet Chess Club"]
[Date "2021.09.18"]
[Round "2"]
[White "LI, DEREK W:TheKandor"]
[Black "POLAKALA, SRIKAR:srikarpolakala"]
[Result "0-1"]
[ICCResult "White checkmated"]
[WhiteElo "974"]
[BlackElo "518"]
[Opening "Giuoco Piano: four knights variation"]
[ECO "C50"]
[NIC "IG.02"]
[Time "12:31:05"]
[TimeControl "1500+5"]

1. e4 e5 2. Nf3 Nc6 3. Bc4 Bc5 4. Nc3 Nf6 5. O-O Bb4 6. Re1 O-O 7. a3 Bc5 8.
Na4 Bb6 9. Nxb6 axb6 10. d4 exd4 11. Nxd4 Nxd4 12. Qxd4 c5 13. Qc3 d5 14.
exd5 Nxd5 15. Qg3 b5 16. Bh6 g6 17. Bxf8 Kxf8 18. Bxd5 Qxd5 19. Rad1 Qf5 20.
Rd8+ Kg7 21. Qc3+ f6 22. Re7+ Kh6 23. Qe3+ g5 24. Rh8 Kg6 25. Rhxh7 Qxc2 26.
Reg7+ Kf5 27. Qf3+ Ke5 28. Re7+ Kd6 29. Qxf6+ Kd5 30. Qxg5+ Bf5 31. Rd7+ Kc4
32. Rh4+ Kb3 33. Qe3+ Ka2 34. h3 Bxd7 35. Qe7 Bc6 36. Qe6+ Kxb2 37. Qe5+
Kxa3 38. Qa1+ Qa2 39. Qc3+ Qb3 40. Qxc5+ b4 41. Qc1+ Qb2 42. Qe3+ b3 43. Kh2
Ra4 44. Rh5 Qc2 45. Rc5 Qg6 46. Qc1+ b2 47. Rc3+ Ka2 48. Rc2 Qxg2#
{White checkmated}
0-1

[Event "ICC tourney 2673 (25 5)"]
[Site "Internet Chess Club"]
[Date "2021.09.18"]
[Round "2"]
[White "KANTEM, SAMANVI:samanvikantem"]
[Black "Kore, Anvika Mattam:K03-30142328"]
[Result "1-0"]
[ICCResult "Black resigns"]
[WhiteElo "929"]
[BlackElo "476"]
[Opening "Four knights: Italian variation"]
[ECO "C55"]
[NIC "IG.01"]
[Time "12:31:07"]
[TimeControl "1500+5"]

1. e4 e5 2. Nf3 Nc6 3. Bc4 Nf6 4. Nc3 Nxe4 5. Bxf7+ Kxf7 6. Nxe4 d5 7. Nc3
e4 8. Ng1 Ke8 9. Nge2 Be6 10. d4 exd3 11. cxd3 Qf6 12. d4 Be7 13. Be3 Qg6
14. O-O Bh3 15. Nf4 Qf6 16. Nxh3 Rd8 17. Re1 Qg6 18. Nf4 Qf5 19. Qb3 Nb4 20.
Rac1 g5 21. Nh5 Rg8 22. Ng3 Qg6 23. Rcd1 Nc2 24. Re2 Nxe3 25. Rxe3 b6 26.
Nxd5 Rg7 27. Nxc7+ Kf8 28. Ne6+ Ke8 29. Nxg7+ Qxg7 30. Nf5 Qg6 31. Nxe7 Qg7
32. Qb5+ Rd7 33. Nf5+ Kd8 34. Nxg7 Rxg7 35. Re8+ Kc7 36. Rc1+ Kb7 37. d5
{Black resigns}
1-0

[Event "ICC tourney 2673 (25 5)"]
[Site "Internet Chess Club"]
[Date "2021.09.18"]
[Round "2"]
[White "Maddipati, Srijani:srijanim"]
[Black "MENON, DHRUV:dmenon25"]
[Result "1-0"]
[ICCResult "Black checkmated"]
[WhiteElo "865"]
[BlackElo "1202"]
[Opening "Scotch: Potter variation"]
[ECO "C45"]
[NIC "SO.05"]
[Time "12:31:10"]
[TimeControl "1500+5"]

1. e4 e5 2. Nf3 Nc6 3. d4 exd4 4. Nxd4 Bc5 5. Nb3 Bb6 6. Nc3 Nf6 7. Bg5 h6
8. Bh4 Qe7 9. Bd3 Qe6 10. O-O O-O 11. Re1 d6 12. Bxf6 Qxf6 13. Qd2 Be6 14.
Rab1 Qg6 15. e5 Bf5 16. Bxf5 Qxf5 17. exd6 cxd6 18. Nd5 Bd8 19. Re3 Bg5 20.
f4 Bxf4 21. Nxf4 Qxf4 22. Rg3 Qxd2 23. Nxd2 Rfe8 24. Nc4 Rad8 25. Rd1 d5 26.
Ne3 d4 27. Nf5 g6 28. Nxh6+ Kg7 29. Nf5+ Kf6 30. Nh4 Ne5 31. Nf3 Nc6 32. Rg4
Kf5 33. h3 Re4 34. Nh4+ Ke5 35. Rxe4+ Kxe4 36. Re1+ Kd5 37. Nf3 Kc5 38. a3
a5 39. Ng5 Rf8 40. Rf1 Ne5 41. Ne6+ fxe6 42. Rxf8 d3 43. Rc8+ Kb6 44. cxd3
Nxd3 45. Re8 e5 46. Re6+ Kb5 47. Rxg6 Nxb2 48. Rg5 Nd3 49. h4 Nf4 50. Rxe5+
Ka4 51. Re4+ Kxa3 52. Rxf4 b5 53. h5 b4 54. h6 b3 55. Rf1 b2 56. h7 Ka2 57.
h8=Q a4 58. Rf2 a3 59. Qc3 Ka1 60. Qxa3+ Kb1 61. Qxb2# {Black checkmated}
1-0

[Event "ICC tourney 2673 (25 5)"]
[Site "Internet Chess Club"]
[Date "2021.09.18"]
[Round "2"]
[White "MITTAPALLI, LAKSHMI ANISH REDDY REDDY:AnishMittapalli"]
[Black "QI, JENNY:eevee11"]
[Result "0-1"]
[ICCResult "White checkmated"]
[WhiteElo "884"]
[BlackElo "1393"]
[Opening "Scotch: Blumenfeld attack"]
[ECO "C45"]
[NIC "SO.05"]
[Time "12:31:12"]
[TimeControl "1500+5"]

1. e4 e5 2. Nf3 Nc6 3. d4 exd4 4. Nxd4 Bc5 5. Be3 Qf6 6. Nb5 Bxe3 7. fxe3
Qe5 8. N1c3 a6 9. Nd4 Nf6 10. Nxc6 dxc6 11. Qd3 O-O 12. O-O-O Bg4 13. Be2
Bxe2 14. Nxe2 Nxe4 15. Rdf1 Rad8 16. Nd4 c5 17. Nf3 Rxd3 18. Nxe5 Rxe3 19.
Ng4 Re2 20. Rhg1 Rd8 21. Rd1 Nd6 22. g3 h5 23. h3 hxg4 24. hxg4 Rh2 25. Rge1
Rg2 26. Re3 Kf8 27. b3 Re8 28. Red3 Ree2 29. R3d2 Rxd2 30. Rxd2 Rxd2 31.
Kxd2 Ke7 32. Ke3 Kf6 33. Kf4 g5+ 34. Kf3 Ke5 35. Ke3 Nb5 36. Kd3 f5 37. gxf5
Kxf5 38. c4 Nd6 39. Ke3 Kg4 40. Kf2 Ne4+ 41. Kg2 Nxg3 42. Kf2 Kh3 43. Kg1
Ne2+ 44. Kf1 Nc3 45. a4 g4 46. Kg1 Kg3 47. Kf1 Kh2 48. Kf2 g3+ 49. Ke3 g2
50. Kf4 g1=Q 51. Ke5 Qd4+ 52. Kf5 Qe4+ 53. Kf6 Kg3 54. Kg5 Qf4+ 55. Kg6 Kf3
56. Kg7 Qd6 57. Kf7 Kf4 58. Kg7 Kg5 59. Kf7 Qf6+ 60. Ke8 Qg7 61. Kd8 Kf6 62.
Kc8 c6 63. Kd8 Ke6 64. Kc8 b6 65. Kb8 Ne4 66. Kc8 Nd6+ 67. Kd8 Qd7#
{White checkmated}
0-1

[Event "ICC tourney 2673 (25 5)"]
[Site "Internet Chess Club"]
[Date "2021.09.18"]
[Round "2"]
[White "JOSHI, AARAV:K05-30026655"]
[Black "NAVANEETH, ANUVRATAA:anudgr8cat"]
[Result "1-0"]
[ICCResult "Black checkmated"]
[WhiteElo "1053"]
[BlackElo "536"]
[Opening "QGD: Marshall defense"]
[ECO "D06"]
[NIC "QP.08"]
[Time "12:31:10"]
[TimeControl "1500+5"]

1. d4 d5 2. c4 Nf6 3. Nf3 Nc6 4. Bf4 Bf5 5. Nc3 e6 6. e3 Bb4 7. Bd3 Ne4 8.
O-O O-O 9. a3 Bd6 10. cxd5 exd5 11. Nxd5 Bxf4 12. Nxf4 h6 13. Nh4 Qxh4 14.
f3 Nd6 15. Bxf5 Nxf5 16. Qd3 Nfxd4 17. exd4 Qxf4 18. d5 Ne5 19. Qe2 Qd4+ 20.
Kh1 Qxd5 21. Rac1 c6 22. Rfd1 Qe6 23. Re1 Rfe8 24. Rc5 f6 25. f4 b6 26. Rc3
Rad8 27. fxe5 fxe5 28. h3 Qg6 29. Qc4+ Kh7 30. Qxc6 Qf5 31. Qa4 Qf2 32. Rce3
Qxb2 33. Qxa7 b5 34. Rg3 Rg8 35. Rge3 Rge8 36. Qc5 Rd2 37. Rg3 Re2 38. Rxe2
Qxe2 39. Qc7 Rg8 40. Rc3 Qf1+ 41. Kh2 Qf4+ 42. Kh1 Qf1+ 43. Kh2 Qf4+ 44. Kh1
Qf1+ 45. Kh2 Qf4+ 46. Kh1 Qf1+ 47. Kh2 e4 48. Re3 Qf5 49. Qc2 Re8 50. Qe2
Qf4+ 51. Kh1 Rf8 52. Rxe4 Qf1+ 53. Qxf1 Rxf1+ 54. Kh2 g5 55. Rb4 Rf5 56. a4
bxa4 57. Rxa4 h5 58. Ra7+ Kh6 59. Ra6+ Kh7 60. Ra7+ Kh6 61. Ra6+ Kh7 62.
Ra7+ Kh6 63. Ra6+ Kg7 64. g4 hxg4 65. hxg4 Rf2+ 66. Kg3 Rd2 67. Ra5 Kg6 68.
Ra6+ Kg7 69. Ra3 Kf6 70. Rf3+ Ke5 71. Rf5+ Ke6 72. Rxg5 Rd3+ 73. Kh4 Kf6 74.
Ra5 Kg6 75. Ra6+ Kg7 76. g5 Rd5 77. Kh5 Rd7 78. Rg6+ Kf7 79. Rh6 Rd5 80. Rc6
Ke7 81. Kh6 Kd7 82. Ra6 Ke7 83. g6 Kf8 84. Ra8+ Ke7 85. g7 Rd6+ 86. Kh7 Kf6
87. g8=Q Rd7+ 88. Kh6 Rd3 89. Qg6+ Ke5 90. Qxd3 Ke6 91. Qd8 Ke5 92. Ra7 Ke6
93. Qf8 Kd5 94. Rd7+ Ke5 95. Qe8+ Kf4 96. Rf7+ Kg3 97. Qg8+ Kh3 98. Rg7 Kh2
99. Rg2+ Kh1 100. Rg1+ Kh2 101. Qg2# {Black checkmated} 1-0

[Event "ICC tourney 2673 (25 5)"]
[Site "Internet Chess Club"]
[Date "2021.09.18"]
[Round "3"]
[White "Daga, Shreyansh:shreyanshdaga"]
[Black "INDRAKANTI, SAMVIK:K03-16771001"]
[Result "0-1"]
[ICCResult "White checkmated"]
[WhiteElo "550"]
[BlackElo "294"]
[Opening "Four knights: Spanish, classical defense"]
[ECO "C48"]
[NIC "KP.03"]
[Time "14:00:17"]
[TimeControl "1500+5"]

1. e4 e5 2. Nf3 Nc6 3. Bb5 Nf6 4. Nc3 Bc5 5. Nxe5 Nxe5 6. d4 Bb4 7. dxe5
Bxc3+ 8. bxc3 Nxe4 9. Qd5 Qh4 10. Bc4 Qxf2+ 11. Kd1 Nxc3# {White checkmated}
0-1

[Event "ICC tourney 2673 (25 5)"]
[Site "Internet Chess Club"]
[Date "2021.09.18"]
[Round "3"]
[White "TSYBOVSKY, ANTHONY:K03-30024259"]
[Black "SANGAL LOPEZ, DEV:devsl"]
[Result "1-0"]
[ICCResult "Black checkmated"]
[WhiteElo "933"]
[BlackElo "714"]
[Opening "Queen's pawn: Chigorin variation"]
[ECO "D00"]
[NIC "QP.08"]
[Time "14:00:17"]
[TimeControl "1500+5"]

1. d4 d5 2. Nc3 e6 3. Nf3 Nf6 4. Bf4 Nc6 5. e3 a6 6. Bd3 Bd6 7. Bg3 Bd7 8.
Qd2 Qe7 9. Ne2 O-O-O 10. O-O-O Nb4 11. Kb1 Nxd3 12. Qxd3 Bb5 13. Qd2 Rd7 14.
Ne5 Bxe5 15. Bxe5 Ne4 16. Qe1 f6 17. f3 fxe5 18. fxe4 exd4 19. exd5 dxe3 20.
dxe6 Rxd1+ 21. Qxd1 Qxe6 22. Rf1 Rd8 23. Qe1 Rd2 24. Nf4 Qf5 25. Nd3 Rf2 26.
Nxf2 Bxf1 27. Qxe3 Bxg2 28. Qe8# {Black checkmated} 1-0

[Event "ICC tourney 2673 (25 5)"]
[Site "Internet Chess Club"]
[Date "2021.09.18"]
[Round "3"]
[White "SINGH, AKSHAT:akshatsingh475"]
[Black "VASHISHT, ANEESH:aneeshgm2013"]
[Result "0-1"]
[ICCResult "White checkmated"]
[WhiteElo "923"]
[BlackElo "531"]
[Opening "Giuoco Pianissimo"]
[ECO "C50"]
[NIC "IG.02"]
[Time "14:00:13"]
[TimeControl "1500+5"]

1. e4 e5 2. Nf3 Nc6 3. Bc4 Bc5 4. d3 Nf6 5. Bg5 O-O 6. O-O h6 7. Bh4 d6 8.
h3 Nd4 9. Nxd4 Bxd4 10. c3 Bc5 11. d4 exd4 12. cxd4 Bb6 13. Nc3 c5 14. dxc5
dxc5 15. Qxd8 Bxd8 16. Nd5 Nxd5 17. Bxd8 Rxd8 18. Bxd5 Rb8 19. Rfd1 Be6 20.
Bxe6 Rxd1+ 21. Rxd1 fxe6 22. Rc1 Rc8 23. b4 b6 24. a3 Kf8 25. Kf1 Ke7 26.
Ke2 Kd6 27. Kd3 Kd7 28. e5 cxb4 29. Rxc8 Kxc8 30. axb4 Kb7 31. Kc4 a5 32.
bxa5 bxa5 33. Kb5 a4 34. Kxa4 Kc6 35. Kb4 Kd5 36. f4 Ke4 37. g3 Kf3 38. Kc4
Kxg3 39. Kd4 Kxf4 40. h4 g5 41. hxg5 hxg5 42. Kd3 g4 43. Ke2 g3 44. Kf1 Kf3
45. Kg1 g2 46. Kh2 Kf2 47. Kh3 g1=Q 48. Kh4 Qg3+ 49. Kh5 Kf3 50. Kh6 Kf4 51.
Kh7 Qg5 52. Kh8 Kxe5 53. Kh7 Kf6 54. Kh8 Kf7 55. Kh7 Qh5# {White checkmated}
0-1

[Event "ICC tourney 2673 (25 5)"]
[Site "Internet Chess Club"]
[Date "2021.09.18"]
[Round "3"]
[White "CHETLAPALLI, VISHNU:K01-30144870"]
[Black "Rastogi, Viraj:masterviraj"]
[Result "1-0"]
[ICCResult "Black checkmated"]
[WhiteElo "995"]
[BlackElo "738"]
[Opening "QGD Slav: 4.Nc3"]
[ECO "D15"]
[NIC "SL.03"]
[Time "14:00:16"]
[TimeControl "1500+5"]

1. d4 d5 2. c4 c6 3. Nc3 Nf6 4. Nf3 Bf5 5. Bf4 e6 6. e3 Bd6 7. Be2 Bxf4 8.
exf4 Nbd7 9. O-O Qc7 10. Rc1 Qxf4 11. Qb3 Rb8 12. Rfe1 O-O 13. cxd5 exd5 14.
g3 Qc7 15. Nxd5 Nxd5 16. Qxd5 Nf6 17. Qxf5 Qd6 18. Qe5 Qd7 19. Bc4 Rfe8 20.
Qf4 Rxe1+ 21. Rxe1 h6 22. Qxb8+ Kh7 23. Bd3+ g6 24. Qxa7 Qh3 25. Qxb7 Kg7
26. Re7 Qg4 27. Rxf7+ Kh8 28. Rxf6 Qc8 29. Qxc8+ Kg7 30. Rxg6+ Kf7 31. Qe6+
Kf8 32. Rg8# {Black checkmated} 1-0

[Event "ICC tourney 2673 (25 5)"]
[Site "Internet Chess Club"]
[Date "2021.09.18"]
[Round "3"]
[White "Goteti, Ishan:Aurex"]
[Black "HU, DAREN:K03-17223295"]
[Result "0-1"]
[ICCResult "White checkmated"]
[WhiteElo "834"]
[BlackElo "1188"]
[Opening "Four knights: Italian variation"]
[ECO "C55"]
[NIC "IG.01"]
[Time "14:00:08"]
[TimeControl "1500+5"]

1. e4 e5 2. Nf3 Nc6 3. Bc4 Nf6 4. Nc3 Nxe4 5. Nxe4 d5 6. Bxd5 Qxd5 7. Nc3
Qd8 8. O-O Bc5 9. Re1 Bg4 10. h3 Bxf3 11. Qxf3 O-O 12. Ne4 Be7 13. d3 Nd4
14. Qd1 f5 15. Nc3 Bf6 16. Ne2 c5 17. c3 Nxe2+ 18. Rxe2 e4 19. Rd2 Bg5 20.
Re2 Bxc1 21. Qxc1 Qxd3 22. Rd2 Qc4 23. Qc2 Rad8 24. Rxd8 Rxd8 25. b3 Qd3 26.
Qb2 Qd2 27. Qa3 Qxc3 28. Rc1 Qb4 29. Qxa7 Rc8 30. Rc4 Qb5 31. a4 Qxb3 32.
Rxc5 Rd8 33. Rb5 Qc4 34. Qxb7 Qc1+ 35. Kh2 Qf4+ 36. g3 Qxf2+ 37. Kh1 Rd1#
{White checkmated}
0-1